 Dungeon Crawl Stone Soup version 0.31.0-11-ge490571c62 (webtiles) character file.

Game seed: 4920214296508220391

40164 mememasterpepo the Fighter (level 13, -8/107 HPs)
             Began as a Demonspawn Gladiator on Jan 28, 2024.
             Was an Initiate of Uskayaw.
             Shot with an arrow by Nessos (10 damage)
             ... on level 13 of the Dungeon on Feb 2, 2024.
             The game lasted 01:08:10 (14238 turns).

mememasterpepo the Fighter (Demonspawn Gladiator)  Turns: 14238, Time: 01:08:13

Health: -8/107     AC: 19    Str: 31 (32) XL:     13   Next: 73%
Magic:  12/18      EV: 10    Int: 12      God:    Uskayaw [......]
Gold:   1037       SH:  0    Dex: 21      Spells: 15/20 levels left

rFire   . . .        B - +9 scimitar of Dullness {spect, Str+4 Int+4}
rCold   . . .        (no shield)
rNeg    . . .        o - +0 plate armour
rPois   .            (helmet restricted)
rElec   .            l - +0 cloak
rCorr   .            s - +0 pair of gloves
SInv    .            q - +0 pair of boots
Will    .....        r - amulet of regeneration Stlth
                     v - +6 ring of dexterity
HPRegen 1.17/turn    h - +6 ring of strength
MPRegen 0.16/turn

%: no passive effects
@: lethally poisoned (-8 -> -46), on blink cooldown
A: claws 2, hooves 1, horns 2, foul stench 1, spiny 3, deterioration 1, low MP
1, strong 1
a: Renounce Religion


You were on level 13 of the Dungeon.
You worshipped Uskayaw.
Uskayaw was aware of your devotion.
You visited 2 branches of the dungeon, and saw 14 of its levels.

You collected 1037 gold pieces.

Inventory:

Hand Weapons
 a - a +0 long sword
 w - the +8 hand axe of Luraeny {flame, rPois}
   (You found it on level 5 of the Dungeon)

   rPois:     It protects you from poison
 A - a +2 orcbow of freezing
 B - the +9 scimitar of Dullness (weapon) {spect, Str+4 Int+4}
   (You found it on level 7 of the Dungeon)

   Str+4:     It affects your strength (+4).
   Int+4:     It affects your intelligence (+4).
Missiles
 d - a curare-tipped dart (quivered)
 e - 3 javelins
 G - 5 silver javelins
Armour
 b - a +0 leather armour
 c - a +2 helmet
 l - a +0 cloak (worn)
 n - a +0 pair of boots
 o - a +0 plate armour (worn)
 q - a +0 pair of boots (worn)
 s - a +0 pair of gloves (worn)
 z - +0 acid dragon scales
Jewellery
 h - a +6 ring of strength (right hand)
 k - a ring of fire
 r - an amulet of regeneration (around neck)
 v - a +6 ring of dexterity (left hand)
 F - a ring of poison resistance
 H - a +6 ring of dexterity
Talismans
 j - a flux talisman
 y - a blade talisman
 L - a maw talisman
Wands
 u - a wand of roots (8)
 I - a wand of charming (12)
 J - a wand of flame (14)
 M - a wand of mindburst (7)
Scrolls
 i - 2 scrolls of teleportation
 m - 13 scrolls of identify
 t - 8 scrolls of immolation
 x - 2 scrolls of fog
 D - a scroll of revelation
 E - a scroll of brand weapon
 N - a scroll of vulnerability
Potions
 f - 5 potions of attraction
 g - 4 potions of enlightenment
 p - 4 potions of degeneration
 C - a potion of brilliance
 K - a potion of magic


   Skills:
 * Level 11.9 Fighting
 + Level 6.9 Long Blades
 - Level 6.0 Axes
 - Level 5.0 Throwing
 * Level 10.7 Armour
 - Level 2.8 Dodging
 - Level 4.2 Spellcasting
 + Level 7.7 Necromancy
 + Level 4.2 Translocations
 + Level 10.3 Invocations
 + Level 6.1 Evocations


You had 15 spell levels left.
You knew the following spells:

 Your Spells              Type           Power      Damage    Failure   Level
a - Fugue of the Fallen   Necr           21%        N/A       19%         3
b - Blink                 Tloc           24%        N/A       36%         2

Your spell library contained the following spells:

 Spells                   Type           Power      Damage    Failure   Level
 Vampiric Draining        Necr           21%        2d7       19%         3
 Lesser Beckoning         Tloc           24%        N/A       36%         2
 Gell's Gravitas          Tloc           12%        N/A       58%         3
 Teleport Other           Tloc           12%        N/A       58%         3
 Momentum Strike          Conj/Tloc      14%        3d8       65%         2
 Slow                     Hex            8%         N/A       82%         1
 Volatile Blastmotes      Fire/Tloc      14%        2d11      87%         3
 Manifold Assault         Tloc           12%        N/A       94%         4
 Call Canine Familiar     Summ           2%         N/A       99%         3
 Confusing Touch          Hex            2%         N/A       99%         3
 Dazzling Flash           Conj/Hex       4%         N/A       99%         3
 Hailstorm                Conj/Ice       2%         3d5       99%         3
 Ozocubu's Armour         Ice            2%         N/A       99%         3
 Sigil of Binding         Hex            2%         N/A       99%         3
 Summon Ice Beast         Ice/Summ       2%         N/A       99%         3
 Tukima's Dance           Hex            2%         N/A       99%         3
 Dimensional Bullseye     Hex/Tloc       3%         N/A       99%         4
 Iskenderun's Mystic Bla  Conj/Tloc      7%         2d4       99%         4
 Animate Armour           Summ/Erth      4%         N/A       100%        4
 Summon Lightning Spire   Summ/Air       2%         N/A       100%        4
 Lee's Rapid Deconstruct  Erth           1%         3d4*      100%        5
 Dispersal                Tloc           6%         N/A       100%        6
 Sculpt Simulacrum        Ice/Alch       1%         N/A       100%        6
 Starburst                Conj/Fire      1%         6d3       100%        6
 Malign Gateway           Summ/Tloc      3%         N/A       100%        7
 Ozocubu's Refrigeration  Ice            1%         4d7       100%        7
 Maxwell's Capacitive Co  Air            1%         ∞         100%        8


Dungeon Overview and Level Annotations

Branches:
Dungeon (13/15)            Temple (0/1) D:7            Lair (1/5) D:8
    Orc (0/2) D:10
 Vaults: D:13-14

Altars:
Ashenzari
Dithmenos
Gozag
Qazlal
Uskayaw
Wu Jian

Shops:
D:5 :

Portals:
Trove: D:11 (give 13 scrolls of teleportation)

Annotations:
D:7 kwasso's ghost, novice OpSh
D:13 Nessos
Lair:1 exclusion: oklob plant


Innate Abilities, Weirdness & Mutations

You have very sharp fingernails.
You have large cloven feet.
You have a pair of horns on your head.
You may rarely emit foul miasma when damaged in melee.
You are completely covered in sharp spines.
Your body sometimes deteriorates upon taking damage.
Your magical capacity is low. (-10% MP)
Your muscles are strong. (Str +4, Int/Dex -1)


Message History

You are more poisoned.
You feel extremely sick.
Nessos shoots an arrow.
The arrow barely misses you.
Nessos casts a spell.
Nessos blinks!
Okay, then.
Okay, then.
Casting: Blink (dangerous; 36% risk of failure)
Confirm with . or Enter, or press ? or * to list all spells.
Okay, then.
Casting: Blink (dangerous; 36% risk of failure)
Confirm with . or Enter, or press ? or * to list all spells.
Okay, then.
Aiming: Mindburst
Press: ? - help, Shift-Dir - straight line, f/p - Nessos
Aim: Nessos, wielding a +3 longbow of flaming and wearing a +0 barding (moderately wounded, fast, chance to affect: 84%) Nessos barely resists.
You feel very sick.
Nessos casts a spell.
Nessos blinks!
Your magical contamination has completely faded away.
Hit: B) +9 scimitar of Dullness {spect, Str+4 Int+4}
Press: ? - help, Dir - move target, f - you, p - Nessos
Okay, then.
Casting: Blink (dangerous; 36% risk of failure)
Confirm with . or Enter, or press ? or * to list all spells.
Okay, then.
You stomp with the beat, sending a shockwave through the revellers around you!
You can no longer stomp with the beat.
You feel very sick.
Nessos shoots an arrow.
The arrow hits you.
* * * LOW HITPOINT WARNING * * *
The arrow burns you.
You are lethally poisoned!
* * * LOW HITPOINT WARNING * * *
Nessos shoots an arrow.
The arrow hits you!!
* * * LOW HITPOINT WARNING * * *
The arrow burns you!
You are more poisoned.
You die...

#### #. #.#
##....# ...#
#.#######.#
####.. .<.#
#.........#
### ...#
#.....#######
...#
#.....#.....#
.).#
#......)..#
...#
##........#
####
#..).....+
#....@...#
##.......#
#....(..#
#.....c...
#....§..##.#
######.## #
.# .#


You could see Nessos (fast).

Vanquished Creatures
  An ice dragon (D:12)
  5 two-headed ogres
  A centaur warrior (D:13)
  4 boulder beetles
  Pikel (D:6)
  An orc knight (D:10)
  A deep elf pyromancer (D:12)
  4 ugly things
  3 cyclopes
  2 manticores
  A guardian serpent (shapeshifter) (D:10)
  6 elephants (Lair:1)
  2 black mambas (Lair:1)
  4 slime creatures (D:13)
  3 cane toads (Lair:1)
  2 gargoyles
  A rime drake (D:8)
  An unseen horror (D:12)
  6 kobold demonologists
  11 komodo dragons
  3 trolls
  3 polar bears
  2 hornets
  A wraith (D:11)
  3 basilisks (Lair:1)
  A wyvern (D:9)
  46 yaks
  A shadow (D:13)
  9 wargs (D:10)
  A steam dragon (Lair:1)
  10 vampire mosquitoes
  An acid dragon (D:11)
  5 water moccasins
  5 orc warriors
  3 ice beasts (D:8)
  A sky beast (D:6)
  An ogre (D:4)
  3 black bears
  3 wolves
  4 centaurs
  A phantom (D:4)
  7 kobold brigands
  2 lemures (D:6)
  Blork the orc (D:4)
  10 gnoll sergeants (D:10)
  A bullfrog (D:9)
  6 scorpions
  4 wights (D:6)
  18 killer bees
  2 electric eels (Lair:1)
  11 howler monkeys
  A lava snake (D:9)
  2 bombardier beetles
  2 hounds
  4 jellies
  12 gnoll boudas (D:10)
  11 orc priests
  Crazy Yiuf (D:6)
  3 sleepcaps
  14 iguanas
  12 orc wizards
  4 gnolls (D:10)
  8 adders
  A white imp (D:4)
  4 shadow imps
  2 ufetubi (D:5)
  2 ribbon worms
  5 dart slugs
  40 orcs
  6 ball pythons
  7 endoplasms
  5 giant cockroaches
  10 goblins
  9 hobgoblins
  19 kobolds
  2 quokkas
  4 bats
  18 frilled lizards
  3 rats
  A butterfly (D:5)
  A spectral weapon (D:10)
442 creatures vanquished.

Vanquished Creatures (others)
  A frilled lizard (Lair:1)
  2 spectral weapons
3 creatures vanquished.

Grand Total: 445 creatures vanquished

Notes
Turn   | Place    | Note
-------+----------+-------------------------------------------
     0 | D:1      | mememasterpepo the Demonspawn Gladiator began the quest for
                  | the Orb.
     0 | D:1      | Reached XP level 1. HP: 16/16 MP: 1/1
   102 | D:1      | Gained mutation: You are partially covered in sharp spines.
                  | [demonic ancestry]
   102 | D:1      | Reached XP level 2. HP: 20/22 MP: 2/2
   241 | D:1      | Reached skill level 1 in Armour
   294 | D:1      | Found a faded altar of an unknown god.
   298 | D:1      | Gained mutation: You may rarely emit foul miasma when
                  | damaged in melee. [demonic ancestry]
   298 | D:1      | Reached XP level 3. HP: 28/28 MP: 3/3
   298 | D:1      | Noticed a golden eye
   301 | D:1      | Noticed a golden eye
   301 | D:1      | Noticed a golden eye
   301 | D:1      | Noticed an eye of devastation
   324 | D:1      | Prayed at the altar of an unknown god.
   324 | D:1      | Became a worshipper of Uskayaw the Reveller
   324 | D:1      | Reached * piety under Uskayaw
   898 | D:2      | Reached ** piety under Uskayaw
   903 | D:2      | Reached *** piety under Uskayaw
  1020 | D:2      | Reached XP level 4. HP: 29/34 MP: 4/4
  1130 | D:2      | Reached skill level 3 in Fighting
  1496 | D:3      | Learned a level 3 spell: Fugue of the Fallen
  1943 | D:4      | Noticed Blork the orc
  1955 | D:4      | Gained mutation: Your body sometimes deteriorates upon
                  | taking damage. [potion of mutation]
  1955 | D:4      | Gained mutation: Your magical capacity is low. (-10% MP)
                  | [potion of mutation]
  1955 | D:4      | Gained mutation: Your muscles are strong. (Str +4, Int/Dex
                  | -1) [potion of mutation]
  1965 | D:4      | Killed Blork the orc
  1966 | D:4      | Reached skill level 1 in Invocations
  1966 | D:4      | Gained mutation: You are mostly covered in sharp spines.
                  | [demonic ancestry]
  1966 | D:4      | Reached XP level 5. HP: 31/41 MP: 3/5
  2070 | D:4      | Noticed a phantom
  2090 | D:4      | Reached skill level 1 in Necromancy
  2090 | D:4      | Reached XP level 6. HP: 42/47 MP: 6/6
  2091 | D:4      | Reached **** piety under Uskayaw
  2426 | D:4      | Reached skill level 4 in Fighting
  2426 | D:4      | Reached skill level 1 in Spellcasting
  2621 | D:4      | Discovered your monstrous ancestry.
  2621 | D:4      | Gained mutation: You have sharp fingernails. [demonic
                  | ancestry]
  2621 | D:4      | Reached XP level 7. HP: 33/54 MP: 6/8
  2850 | D:4      | Got the Enchiridion on Frigid Orientation
  3047 | D:5      | Entered Level 5 of the Dungeon
  3050 | D:5      | Identified the +8 hand axe of Luraeny {flame, rPois}
  3107 | D:5      | Found a broken altar of Ashenzari.
  3172 | D:5      | Found Cegg's Book Emporium.
  3234 | D:5      | Reached skill level 1 in Axes
  3670 | D:5      | Gained mutation: You have a pair of small horns on your
                  | head. [demonic ancestry]
  3670 | D:5      | Reached XP level 8. HP: 61/61 MP: 9/9
  3774 | D:5      | Found a glowing drain.
  4109 | D:6      | Reached skill level 5 in Fighting
  4110 | D:6      | Noticed Pikel
  4129 | D:6      | Killed Pikel
  4131 | D:6      | Reached ***** piety under Uskayaw
  4379 | D:6      | Gained mutation: You have a pair of horns on your head.
                  | [demonic ancestry]
  4379 | D:6      | Reached XP level 9. HP: 60/69 MP: 11/11
  4464 | D:6      | Reached skill level 5 in Armour
  4467 | D:6      | Reached skill level 6 in Fighting
  4519 | D:6      | Found a runed translucent door.
  4520 | D:6      | Noticed Crazy Yiuf
  5014 | D:6      | Killed Crazy Yiuf
  5188 | D:7      | Found a transporter.
  5188 | D:7      | Found a transporter.
  5189 | D:7      | You fall into a shaft and drop 3 floors!
  5189 | D:10     | Entered Level 10 of the Dungeon
  5324 | D:10     | Reached skill level 5 in Invocations
  5333 | D:10     | Reached skill level 7 in Fighting
  5391 | D:10     | Noticed an orc knight
  5399 | D:10     | Gained mutation: You are completely covered in sharp
                  | spines. [demonic ancestry]
  5399 | D:10     | Reached XP level 10. HP: 25/79 MP: 14/14
  5404 | D:10     | Noticed a two-headed ogre
  5509 | D:9      | Noticed a two-headed ogre
  5517 | D:9      | Killed a two-headed ogre
  5518 | D:9      | Reached skill level 5 in Axes
  5681 | D:9      | Found a shadowy altar of Dithmenos.
  5858 | D:8      | Reached skill level 5 in Throwing
  6041 | D:8      | Found a staircase to the Lair.
  6048 | D:8      | Learned a level 2 spell: Blink
  6131 | D:7      | Found a stormy altar of Qazlal.
  6131 | D:7      | Noticed kwasso's ghost (novice OpSh)
  6317 | D:7      | Found a staircase to the Ecumenical Temple.
  6621 | D:7      | Reached skill level 8 in Fighting
  6871 | D:7      | Reached skill level 1 in Evocations
  6878 | D:7      | Identified the +9 scimitar of Dullness {spect, Str+4 Int+4}
  7245 | D:8      | Found an opulent altar of Gozag.
  7246 | D:8      | Found an ornate altar of the Wu Jian Council.
  7630 | D:9      | Gained mutation: You have very sharp fingernails. [demonic
                  | ancestry]
  7630 | D:9      | Reached XP level 11. HP: 83/87 MP: 15/15
  8082 | D:10     | Noticed a two-headed ogre
  8088 | D:10     | Killed a two-headed ogre
  8096 | D:10     | Killed a two-headed ogre
  8158 | D:10     | HP: 2/87 [orc knight/+0 war axe (10)]
  8160 | D:10     | Killed an orc knight
  8161 | D:10     | Reached skill level 9 in Fighting
  8531 | D:10     | Reached skill level 5 in Necromancy
  9121 | D:10     | Reached skill level 5 in Long Blades
  9333 | D:10     | Found a staircase to the Orcish Mines.
  9814 | D:10     | Gained mutation: You have large cloven feet. [demonic
                  | ancestry]
  9814 | D:10     | Reached XP level 12. HP: 94/97 MP: 16/16
 10193 | D:11     | Reached skill level 1 in Translocations
 10202 | D:11     | Reached skill level 10 in Fighting
 10208 | D:11     | Reached ****** piety under Uskayaw
 10363 | D:11     | Noticed a two-headed ogre
 10369 | D:11     | Killed a two-headed ogre
 10479 | D:11     | Noticed a boulder beetle
 10487 | D:11     | Killed a boulder beetle
 10824 | D:11     | Noticed a two-headed ogre
 10829 | D:11     | Killed a two-headed ogre
 11002 | D:11     | Found a portal to a secret trove of treasure.
 11624 | Lair:1   | Entered Level 1 of the Lair of Beasts
 11733 | Lair:1   | Noticed a boulder beetle
 11746 | Lair:1   | Killed a boulder beetle
 11839 | Lair:1   | Reached skill level 5 in Evocations
 11847 | Lair:1   | Reached skill level 11 in Fighting
 12020 | Lair:1   | Reached XP level 13. HP: 101/106 MP: 15/18
 12255 | Lair:1   | Reached skill level 10 in Armour
 13535 | D:12     | Found a frozen archway.
 13538 | D:12     | Reached skill level 10 in Invocations
 14229 | D:13     | Noticed Nessos
 14238 | D:13     | HP: 2/107 [Nessos/arrow (21)]
 14238 | D:13     | Shot with an arrow by Nessos

Illustrated notes

Levels and vault maps discovered:
D:1:      kilobyte_arrival_exit_the_forest, layout_loops_ring,
          hellmonk_ecumenical_altar_watching_god
D:2:      layout_rooms
D:3:      layout_loops_ring
D:4:      layout_loops_cross, minmay_crossroads, uniq_blork_the_orc
D:5:      layout_gridville, nicolae_elyvilon_peaceful_grove,
          evilmike_ruin_ashenzari, serial_shops, nicolae_shop_waterfront,
          mainiacjoe_sewer_entry_somewhere_in_here_1, dk_vineyard_3,
          minivault_19
D:6:      layout_loops_ring, uniq_crazy_yiuf_cottage, uniq_pikel
D:7:      layout_gridville, mainiacjoe_overflow_tiny_flanked,
          minmay_temple_entry_nine_rooms, gammafunk_ghost_hive
D:8:      layout_rooms, mainiacjoe_overflow_divided_tiny,
          hellmonk_lair_entry_icy
D:9:      layout_loops_ring, mainiacjoe_overflow_alcove_1,
          nicolae_lava_and_water
D:10:     lemuel_castle_with_subvaults [lemuel_castle_interior_original],
          layout_irregular_city, orc_0_dummy, chequers_serial_rivers_micro_e,
          minmay_door_square
D:11:     layout_loops_corners, enter_trove_2
D:12:     layout_roguey, portal_ice_cave_entry_animals_and_master
D:13:     layout_basic, uniq_nessos
Lair:1:   lemuel_reptile_caves, layout_regular_city, grunt_megastairs_2,
          lemuel_fruit_tree

Skill      XL: |  1  2  3  4  5  6  7  8  9 10 11 12 13 |
---------------+----------------------------------------+-----
Throwing       | 2 3 4 5 |  5.0
Armour         | 1 2 3 4 6 7 8 9 10 | 10.7
Long Blades    | 3 4 5 6 |  6.9
Fighting       | 3 4 5 7 8 9 11 | 11.9
Invocations    | 1 2 3 4 5 6 8 9 10 | 10.3
Necromancy     | 1 2 3 4 5 6 7 |  7.7
Spellcasting   | 1 2 3 4 |  4.2
Axes           | 1 3 4 6 |  6.0
Evocations     | 1 3 5 6 |  6.1
Translocations | 3 4 |  4.2
Dodging        | |  2.8

Action                     |  1- 3 |  4- 6 |  7- 9 | 10-12 | 13-15 || total
---------------------------+-------+-------+-------+-------+-------++-------
  Melee: Long sword        |    65 |    70 |    10 |       |       ||   145
         Punch             |     2 |     1 |     1 |     4 |     5 ||    13
         Hand axe          |       |       |   122 |    59 |       ||   181
         Headbutt          |       |       |    29 |    85 |    36 ||   150
         Scimitar          |       |       |       |   281 |   159 ||   440
  Throw: Javelin           |       |       |     3 |       |     4 ||     7
         Throwing net      |       |       |     1 |     1 |     3 ||     5
   Cast: Fugue of the Fall |       |       |       |     2 |       ||     2
         Blink             |       |       |       |       |     1 ||     1
 Invoke: Stomp             |       |       |       |       |     1 ||     1
  Evoke: Wand              |       |       |       |       |     3 ||     3
    Use: Scroll            |       |    11 |     5 |    10 |     3 ||    29
         Potion            |       |     4 |     4 |    12 |       ||    20
   Stab: Paralysed         |     1 |     3 |    13 |    25 |    18 ||    60
         Distracted        |       |       |       |     1 |     3 ||     4
         Held in net/web   |       |       |       |       |     2 ||     2
 Armour: Leather armour    |    36 |       |       |       |       ||    36
         Plate armour      |     4 |    65 |   120 |   303 |   153 ||   645
         Skin              |       |       |    36 |       |       ||    36
  Dodge: Dodged            |    41 |    16 |    51 |   117 |    60 ||   285
